 Dungeon Crawl Stone Soup version 0.28-a0-479-g5baa6b73be (webtiles) character file.

Game seed: 16664510507760180793

2 varam the Sneak (level 1, 4/20 HPs)
             Began as a Djinni Delver on Sept 8, 2021.
             Quit the game on level 4 of the Dungeon on Sept 18, 2021.
             The game lasted 00:02:49 (123 turns).

varam the Sneak (Djinni Delver)                      Turns: 123, Time: 00:02:50

Health: 4/20       AC:  3    Str: 11    XL:     1   Next: 44%
Gold:   0          EV: 12    Int: 11    God:
                   SH:  0    Dex: 14

rFire   + + .      SeeInvis .   a - +0 short sword
rCold   x . .      Faith    .   (no shield)
rNeg    . . .      Spirit   .   b - +0 leather armour
rPois   ∞          Reflect  .   (no helmet)
rElec   .          Harm     .   (no cloak)
rCorr   .          Rampage  .   (no gloves)
Will    .....                   (boots unavailable)
Stlth   ++........              (no amulet)
HPRegen 0.06/turn               (no ring)
MPRegen 0.00/turn               (no ring)

@: flying
A: sickness immunity, fire resistance 2, cold vulnerability 1, float, innate
caster, hp casting, extra vitality 1
a: no special abilities


You were on level 4 of the Dungeon.
You visited 1 branch of the dungeon, and saw 2 of its levels.

Inventory:

Hand Weapons
 a - a +0 short sword (weapon)
Missiles
 f - a throwing net (quivered)
Armour
 b - a +0 leather armour (worn)
Wands
 v - a wand of digging (3)
Scrolls
 c - a scroll of fog
 d - a scroll of magic mapping
 e - a scroll of fear
Potions
 g - a potion of brilliance {unknown}
 h - a potion of haste


   Skills:
 + Level 3.0 Fighting
 + Level 1.8 Short Blades
 + Level 2.2 Dodging
 + Level 4.1 Stealth


You couldn't memorise any spells.
You didn't know any spells.
Your spell library was empty.

Dungeon Overview and Level Annotations

Branches:
Dungeon (5/15)
 Temple: D:4-7

Altars:


Innate Abilities, Weirdness & Mutations

You are immune to sickness and miasma.
You are immune to poison.
Your flesh is very heat resistant. (rF++)
You are vulnerable to cold. (rC-)
You float through the air rather than walking.
You learn spells naturally, not from books.
Your magical power is your life essence.
You have superior vitality. (+4 HP)


Message History

You hit the ball python.
You kill the ball python!
You barely miss the goblin. The goblin hits you but does no damage.
You barely miss the goblin. The goblin closely misses you.
The endoplasm barely misses you.
You barely miss the goblin. The goblin barely misses you.
The endoplasm hits you but does no damage.
You closely miss the goblin. The goblin barely misses you.
The endoplasm barely misses you.
You hit the goblin.
You kill the goblin!
The endoplasm freezes you.
You are frozen.
You feel a terrible chill!
* * * LOW HITPOINT WARNING * * *
Found a metallic white potion.
You see here a +0 club.
Found a weird smoking staff.
You see here a metallic white potion.
There is a stone staircase leading down here.
You see here a +0 club.
The endoplasm freezes you.
You are frozen.
* * * LOW HITPOINT WARNING * * *
There is a stone staircase leading down here.
You see here a +0 club.
Really fly into that dispersal trap?
You enter a dispersal trap!
The endoplasm blinks! x2; You blink.
g - a metallic white potion
(D) Dungeon
Where to? (? - help)
Okay, then.
Unknown command.
You are a level 1 Djinni Delver.
You are 44% of the way to level 2.
Play time: 00:01:49 (123 turns).
Zot will find you in 11876 turns if you stay in this branch and explore no new floors.
Welcome back, varam the Djinni Delver.
Press ? for a list of commands and other information.
Welcome back, varam the Djinni Delver.
Press ? for a list of commands and other information.
Are you sure you want to abandon this character and quit the game? (Confirm with "yes".)

#.# ##.##
######
###...##..|...
#.)......######
#.#...#........
#.##.##...#####
#.#.....#.....#
#.#.......###.#
#>#.##@#.##
#.#.##.#.#
#.#.##.#.#
#....#.#.#
###..#.#..
#.###..#.#
#$.......#
#####..#.......
#.#.#.##...#


There were no monsters in sight!

Vanquished Creatures
  A ball python (D:4)
  A goblin (D:4)
2 creatures vanquished.

Notes
Turn   | Place    | Note
-------+----------+-------------------------------------------
     0 | D:5      | varam the Djinni Delver began the quest for the Orb.
     0 | D:5      | Reached XP level 1. HP: 20/20 MP: 0/0
    41 | D:5      | Noticed an orc wizard
    41 | D:5      | Noticed an orc priest
   123 | D:4      | Upgraded the game from 0.28-a0-422-gd71735cc25 to
                  | 0.28-a0-479-g5baa6b73be
   123 | D:4      | Quit the game

Illustrated notes

Levels and vault maps discovered:
D:4:      layout_loops_ring, mainiacjoe_overflow_alcove_2
D:5:      kennysheep_big_flooded_room, layout_basic,
          mainiacjoe_overflow_boulevard, temple_fountains, uniq_pikel,
          uniq_eustachio

Action                   || total
-------------------------++-------
Melee: Short sword       ||     8
Armor: Leather armour    ||     3
Dodge: Dodged            ||     7

Table legend: (Time is in decaauts)
 A = Elapsed time spent in this place.
 B = Non-inter-level travel time spent in this place.
 C = Inter-level travel time spent in this place.
 D = Time resting spent in this place.
 E = Time spent auto-exploring this place.
 F = Levels seen in this place.
 G = Mean time per level.
                   A        B        C        D        E       F      G
               +--------+--------+--------+--------+--------+-----+--------+
         Total |    123 |    123 |      0 |      0 |      6 |   2 |   61.5 |
       Dungeon |    123 |    123 |      0 |      0 |      6 |   2 |   61.5 |
               +--------+--------+--------+--------+--------+-----+--------+

Top non-repeatable levels by time:
     D:4: 80 daAuts
     D:5: 43 daAuts
